 Dungeon Crawl Stone Soup version 0.22-a0-265-g0d8bc90 (webtiles) character file.

10032 tidbits the Martial Artist (level 11, -13/83 HPs)
             Began as a Gnoll Transmuter on Mar 6, 2018.
             Was a Believer of Cheibriados.
             Mangled by an eight-headed hydra (14 damage)
             ... on level 4 of the Lair of Beasts.
             The game lasted 00:33:58 (3508 turns).

tidbits the Martial Artist (Gnoll Transmuter)       Turns: 3508, Time: 00:33:59

Health: -13/83     AC:  3    Str: 21    XL:     11   Next: 55%
Magic:  29/32      EV: 23    Int: 25    God:    Cheibriados [**....]
Gold:   597        SH:  3    Dex: 23    Spells: 12/26 levels left

rFire    . . .     SeeInvis .   a - +0 dagger
rCold    . . .     Gourm    .   (no shield)
rNeg     . . .     Faith    .   B - +0 robe
rPois    .         Spirit   .   (no helmet)
rElec    .         Reflect  +   (no cloak)
rCorr    .         Harm     .   G - +0 pair of gloves
MR       .....                  (no boots)
Stlth    ++++......             d - +3 amulet of reflection
HPRegen  0.23/turn              V - +4 ring of evasion
MPRegen  0.23/turn              y - ring of magical power

@: very slow
A: distributed training, fangs 1, agile 1, strong 1, strong nose
a: Bend Time, Renounce Religion


You were on level 4 of the Lair of Beasts.
You worshipped Cheibriados.
Cheibriados was pleased with you.
You were hungry.

You visited 3 branches of the dungeon, and saw 15 of its levels.

You collected 597 gold pieces.

Inventory:

Hand Weapons
 a - a +0 dagger (weapon)
 k - a +2 dire flail of holy wrath
   (You took it off Edmund on level 5 of the Dungeon)
 l - a +0 scimitar
 u - a +0 war axe
 A - a +1 dire flail of holy wrath
   (You took it off a two-headed ogre on level 8 of the Dungeon)
 E - a +0 dagger
 J - a +0 war axe
 L - a cursed -1 long sword
Missiles
 f - 5 tomahawks of returning (quivered)
 j - 92 arrows
 q - 109 stones
 s - 2 curare-tipped needles
 w - 8 tomahawks
Armour
 B - a +0 robe (worn)
 D - +0 acid dragon scales
 G - a +0 pair of gloves (worn)
 I - a +0 helmet
Jewellery
 d - a +3 amulet of reflection (around neck)
   (You found it on level 4 of the Dungeon)
 g - an uncursed ring of stealth
   (You found it on level 4 of the Dungeon)
 y - a ring of magical power (right hand)
   (You found it on level 8 of the Dungeon)
 K - an uncursed ring of resist corrosion
   (You found it on level 4 of the Dungeon)
 M - an uncursed ring of protection from magic
   (You found it on level 2 of the Lair of Beasts)
 V - a +4 ring of evasion (left hand)
   (You found it on level 7 of the Dungeon)
Wands
 e - a wand of polymorph (16)
 n - a wand of flame (24)
 x - a wand of paralysis (3)
 O - a wand of iceblast (9)
Scrolls
 i - 3 scrolls of identify
 o - 2 scrolls of brand weapon
 p - 2 scrolls of enchant weapon
 r - 4 scrolls of remove curse
 v - 2 scrolls of teleportation
 z - a scroll of immolation
 C - a scroll of fog
 H - a scroll of amnesia
Potions
 b - a potion of curing
 h - a potion of cancellation
 m - a potion of invisibility
 t - 2 potions of lignification
 F - a potion of brilliance
Miscellaneous
 N - a lightning rod (4/4)
Comestibles
 c - 16 rations


   Skills:
 + Level 6.8 Fighting
 + Level 6.3 Short Blades
 + Level 6.3 Long Blades
 + Level 6.3 Axes
 + Level 6.3 Maces & Flails
 + Level 6.3 Polearms
 + Level 6.3 Staves
 + Level 6.3 Slings
 + Level 6.3 Bows
 + Level 6.3 Crossbows
 + Level 6.3 Throwing
 + Level 6.3 Armour
 + Level 7.9 Dodging
 + Level 6.3 Stealth
 + Level 6.3 Shields
 + Level 9.2 Unarmed Combat
 + Level 8.1 Spellcasting
 + Level 5.2 Conjurations
 + Level 5.2 Hexes
 + Level 5.2 Charms
 + Level 5.2 Summonings
 + Level 5.2 Necromancy
 + Level 5.2 Translocations
 + Level 6.5 Transmutations
 + Level 5.2 Fire Magic
 + Level 5.2 Ice Magic
 + Level 5.2 Air Magic
 + Level 5.2 Earth Magic
 + Level 5.2 Poison Magic
 + Level 6.9 Invocations
 + Level 6.3 Evocations


You had 12 spell levels left.
You knew the following spells:

 Your Spells              Type           Power        Failure   Level  Hunger
a - Sandblast             Erth           #####.       1%          1    None
e - Beastly Appendage     Tmut           #####.       1%          1    None
h - Blade Hands           Tmut           #####.....   11%         5    ####...
k - Sticks to Snakes      Tmut           #####...     1%          2    None
p - Spider Form           Tmut/Pois      #####.....   1%          3    None
w - Passwall              Tmut/Erth      #####.....   1%          2    None


Dungeon Overview and Level Annotations

Branches:
Dungeon (10/15)            Temple (1/1) D:7            Lair (4/6) D:10
 Shoals (0/4) Lair:4
  Snake: Lair:2-4    Spider: Lair:2-4       Orc: D:9-12

Altars:
Ashenzari
Cheibriados
Dithmenos
Elyvilon
Fedhas
Gozag
Hepliaklqana
Kikubaaqudgha
Nemelex Xobeh
Okawaru
Qazlal
Ru
Trog
Uskayaw
Vehumet
Wu Jian
Xom
Yredelemnul
Zin
The Shining One
Beogh

Annotations:
Lair:2 Fannar
Lair:4 exclusion: hydra


Innate Abilities, Weirdness & Mutations

Your experience applies equally to all skills.
You have very sharp teeth.
Your uncanny sense of smell can sniff out nearby items.
You are agile. (Dex +2)
Your muscles are strong. (Str +2)


Message History

The black mamba misses you. The black mamba completely misses you.
Your adder bites the black mamba.
The black mamba dies!
Cheibriados thoroughly appreciates the change of pace.
Your adder looks stronger.
You see here a black mamba corpse.
You swap places.
Your transformation is almost over.
A hippogriff comes into view.
The hippogriff screeches!
You hit the hippogriff but do no damage.
The hippogriff is poisoned.
Your transformation has ended.
Your +0 dagger unmelds from your body.
Your +0 pair of gloves unmelds from your body.
Your +0 robe unmelds from your body.
The hippogriff completely misses you. The hippogriff barely misses you.
The hippogriff claws you.
You barely miss the hippogriff.
The hippogriff is lightly wounded.
Casting: Sticks to Snakes (safe; 1% risk of failure)
Confirm with . or Enter, or press ? or * to list all spells.
Your hands turn into razor-sharp scythe blades.
Your +0 dagger melds into your body.
Your +0 pair of gloves melds into your body.
Your adder bites the hippogriff.
The hippogriff bites you but does no damage.
The hippogriff misses you. The hippogriff barely misses you.
You hit the hippogriff.
You bite the hippogriff, but do no damage.
The hippogriff is lightly wounded.
Your adder bites the hippogriff but does no damage.
The hippogriff bites you! The hippogriff closely misses you.
The hippogriff completely misses you.
You slash the hippogriff! You bite the hippogriff.
The hippogriff is heavily wounded.
Your transformation is almost over.
Your adder barely misses the hippogriff.
The hippogriff bites you!
* * * LOW HITPOINT WARNING * * *
The hippogriff misses you. x2
You slash the hippogriff!
You kill the hippogriff!
Cheibriados appreciates the change of pace.
Cheibriados raises the support of your attributes as your movement slows.
You are feeling hungry.
You see here 5 stones.
q - 93 stones (gained 5)
Your hands revert to their normal proportions.
Your +0 dagger unmelds from your body.
Your +0 pair of gloves unmelds from your body.
You swap places.
Found an escape hatch in the ceiling.
Okay, then.
Your adder withers and dies!
There is an escape hatch in the ceiling here.
You enter the shallow water.
Moving in this stuff is going to be slow.
Found 16 stones and a scroll of identify.
You see here a scroll of identify.
i - 3 scrolls of identify (gained 1)
A black mamba comes into view.
You see here 16 stones.
q - 109 stones (gained 16)
A porcupine and a hydra come into view.
Put on which piece of jewellery? (? for menu, Esc to quit)
Okay, then.
Press: ? - help, v - describe, . - travel
Here: an eight-headed hydra (resting)
The floor.
Placed new exclusion.
Press: ? - help, . - travel You can't see that place. [the floor.]
Casting: Blade Hands (slightly dangerous; 11% risk of failure)
Confirm with . or Enter, or press ? or * to list all spells.
Which direction?
Really passwall into a travel-excluded area?
Okay, then.
Casting: Passwall (safe; 1% risk of failure)
Confirm with . or Enter, or press ? or * to list all spells.
Which direction?
Really passwall into a travel-excluded area?
You begin to meditate on the wall.
You continue meditating on the rock. x3
You finish merging with the rock.
The helpless eight-headed hydra fails to defend itself.
You spit the eight-headed hydra like a pig!!!
The eight-headed hydra is severely wounded.
The eight-headed hydra completely misses you.
The eight-headed hydra bites you!
* * * LOW HITPOINT WARNING * * *
The eight-headed hydra bites you!
* * * LOW HITPOINT WARNING * * *
The eight-headed hydra completely misses you.
The eight-headed hydra bites you.
* * * LOW HITPOINT WARNING * * *
You block the eight-headed hydra's attack.
The eight-headed hydra bites you!
* * * LOW HITPOINT WARNING * * *
The eight-headed hydra bites you!
You die...

###.........#. ##.# ##....# #
P...........##..# ##...## #
#.........#.###.####P.#.## #
#.........##.....##.P..#.#.##
.............P........
........#..#....###...
........#####P.## #..
........## ##.# .. .......@.#
#.P# ......D..# ...#
.....r...# #...# ........##
##.## ......... ..# ........#
#.# ##.###### ### ##


You could see an eight-headed hydra and a porcupine (sleeping).

Vanquished Creatures
  3 two-headed ogres
  A black mamba (Lair:2)
  A rime drake (Lair:3)
  The ghost of tidbits the Insei, a novice GnTm (D:6)
  3 spiny frogs
  2 komodo dragons
  The ghost of varam the Digger, a novice GrEE of Vehumet (D:5)
  A hornet (D:7)
  3 blink frogs (Lair:4)
  A hippogriff (Lair:4)
  2 yaks (Lair:2)
  2 basilisks (Lair:2)
  A wyvern (Lair:4)
  An acid dragon (D:10)
  Edmund (D:5)
  2 porcupines (Lair:1)
  A sky beast (D:6)
  3 orc warriors
  2 ogres
  5 necrophages (Lair:3)
  3 crocodiles
  5 bullfrogs
  6 killer bees (D:7)
  2 scorpions
  A crimson imp (D:3)
  2 jellies
  2 hounds
  A bullfrog zombie (D:10)
  10 orc wizards
  6 orc priests
  3 bullfrog skeletons
  A centaur skeleton (D:7)
  2 iguanas
  3 worker ants
  7 adders
  A shadow imp (D:5)
  An ooze (D:3)
  An adder skeleton (D:10)
  4 worms
  3 leopard geckos
  37 orcs
  A bat (D:3)
  A giant cockroach (D:3)
  2 goblins
  2 hobgoblins
  7 jackals
  5 kobolds
  2 quokkas
  A ball python (D:4)
  3 frilled lizards
  A jackal skeleton (D:4)
  A leopard gecko skeleton (D:7)
  A rat (D:3)
165 creatures vanquished.

Vanquished Creatures (collateral kills)
  A black mamba (Lair:4)
  A blink frog (Lair:4)
  A hippogriff (Lair:4)
  A yak (Lair:2)
  Menkaure (D:4)
  A water moccasin (Lair:2)
  Blork the orc (D:5)
  Natasha (twice) (D:3)
  A worm (D:4)
  A ball python (D:3)
  A rat (D:3)
12 creatures vanquished.

Vanquished Creatures (others)
  6 plants (Lair:4)
6 creatures vanquished.

Grand Total: 183 creatures vanquished

Notes
Turn   | Place    | Note
-------+----------+-------------------------------------------
     0 | D:1      | tidbits the Gnoll Transmuter began the quest for the Orb.
     0 | D:1      | Reached XP level 1. HP: 17/17 MP: 6/6
     6 | D:1      | Noticed a polar bear
     6 | D:1      | Noticed an iguana
     6 | D:1      | Noticed a water moccasin
   106 | D:3      | Reached XP level 2. HP: 13/23 MP: 5/7
   110 | D:3      | Learned a level 2 spell: Sticks to Snakes
   112 | D:3      | Noticed Natasha
   118 | D:3      | Noticed a crimson imp
   121 | D:3      | Killed Natasha
   121 | D:3      | Reached skill level 5 in Spellcasting
   121 | D:3      | Reached XP level 3. HP: 5/28 MP: 3/9
   154 | D:3      | Learned a level 3 spell: Spider Form
   213 | D:4      | Learned a level 2 spell: Passwall
   228 | D:4      | Reached skill level 1 in Invocations
   321 | D:2      | Reached skill level 1 in Short Blades
   321 | D:2      | Reached skill level 1 in Long Blades
   321 | D:2      | Reached skill level 1 in Axes
   321 | D:2      | Reached skill level 1 in Maces & Flails
   321 | D:2      | Reached skill level 1 in Polearms
   321 | D:2      | Reached skill level 1 in Staves
   321 | D:2      | Reached skill level 1 in Slings
   321 | D:2      | Reached skill level 1 in Bows
   321 | D:2      | Reached skill level 1 in Crossbows
   321 | D:2      | Reached skill level 1 in Throwing
   321 | D:2      | Reached skill level 1 in Armour
   321 | D:2      | Reached skill level 1 in Stealth
   321 | D:2      | Reached skill level 1 in Shields
   321 | D:2      | Reached skill level 1 in Evocations
   321 | D:2      | Reached XP level 4. HP: 32/34 MP: 1/11
   466 | D:3      | Reached skill level 1 in Conjurations
   466 | D:3      | Reached skill level 1 in Hexes
   466 | D:3      | Reached skill level 1 in Charms
   466 | D:3      | Reached skill level 1 in Summonings
   466 | D:3      | Reached skill level 1 in Necromancy
   466 | D:3      | Reached skill level 1 in Translocations
   466 | D:3      | Reached skill level 1 in Fire Magic
   466 | D:3      | Reached skill level 1 in Ice Magic
   466 | D:3      | Reached skill level 1 in Air Magic
   466 | D:3      | Reached skill level 1 in Earth Magic
   466 | D:3      | Reached skill level 1 in Poison Magic
   466 | D:3      | Reached XP level 5. HP: 40/40 MP: 2/12
   478 | D:3      | Noticed Natasha
   484 | D:3      | Killed Natasha
   503 | D:3      | Reached skill level 3 in Fighting
   537 | D:3      | Reached skill level 4 in Transmutations
   546 | D:3      | Reached XP level 6. HP: 44/47 MP: 2/13
   596 | D:3      | Found an ancient bone altar of Kikubaaqudgha.
   606 | D:3      | Noticed a hand axe
   607 | D:3      | Noticed a hand axe
   608 | D:3      | Found a hide-covered altar of Uskayaw.
   617 | D:3      | Reached skill level 2 in Invocations
   628 | D:3      | Found a sparkling altar of Nemelex Xobeh.
   738 | D:5      | Entered Level 5 of the Dungeon
   745 | D:5      | Noticed Edmund
   753 | D:5      | Noticed Blork the orc
   762 | D:5      | Killed Edmund
   762 | D:5      | Reached skill level 2 in Short Blades
   762 | D:5      | Reached skill level 2 in Long Blades
   762 | D:5      | Reached skill level 2 in Axes
   762 | D:5      | Reached skill level 2 in Maces & Flails
   762 | D:5      | Reached skill level 2 in Polearms
   762 | D:5      | Reached skill level 2 in Staves
   762 | D:5      | Reached skill level 2 in Slings
   762 | D:5      | Reached skill level 2 in Bows
   762 | D:5      | Reached skill level 2 in Crossbows
   762 | D:5      | Reached skill level 2 in Throwing
   762 | D:5      | Reached skill level 2 in Armour
   762 | D:5      | Reached skill level 5 in Dodging
   762 | D:5      | Reached skill level 2 in Stealth
   762 | D:5      | Reached skill level 2 in Shields
   762 | D:5      | Reached skill level 2 in Evocations
   765 | D:5      | Killed Blork the orc
   765 | D:5      | Reached XP level 7. HP: 44/52 MP: 5/15
   836 | D:4      | Reached skill level 7 in Unarmed Combat
   861 | D:4      | Reached skill level 2 in Conjurations
   861 | D:4      | Reached skill level 2 in Hexes
   861 | D:4      | Reached skill level 2 in Charms
   861 | D:4      | Reached skill level 2 in Summonings
   861 | D:4      | Reached skill level 2 in Necromancy
   861 | D:4      | Reached skill level 2 in Translocations
   861 | D:4      | Reached skill level 2 in Fire Magic
   861 | D:4      | Reached skill level 2 in Ice Magic
   861 | D:4      | Reached skill level 2 in Air Magic
   861 | D:4      | Reached skill level 2 in Earth Magic
   861 | D:4      | Reached skill level 2 in Poison Magic
   916 | D:4      | Noticed Menkaure
   923 | D:4      | Found a shattered altar of Ashenzari.
   923 | D:4      | Found a hazy altar of Hepliaklqana.
   929 | D:4      | Killed Menkaure
   992 | D:5      | Found a shimmering altar of Xom.
   992 | D:5      | Noticed varam's ghost (novice GrEE)
  1015 | D:5      | Reached skill level 3 in Invocations
  1085 | D:5      | Killed varam's ghost
  1085 | D:5      | Reached skill level 4 in Fighting
  1085 | D:5      | Reached skill level 3 in Short Blades
  1085 | D:5      | Reached skill level 3 in Long Blades
  1085 | D:5      | Reached skill level 3 in Axes
  1085 | D:5      | Reached skill level 3 in Maces & Flails
  1085 | D:5      | Reached skill level 3 in Polearms
  1085 | D:5      | Reached skill level 3 in Staves
  1085 | D:5      | Reached skill level 3 in Slings
  1085 | D:5      | Reached skill level 3 in Bows
  1085 | D:5      | Reached skill level 3 in Crossbows
  1085 | D:5      | Reached skill level 3 in Throwing
  1085 | D:5      | Reached skill level 3 in Armour
  1085 | D:5      | Reached skill level 3 in Stealth
  1085 | D:5      | Reached skill level 3 in Shields
  1085 | D:5      | Reached skill level 3 in Evocations
  1085 | D:5      | Reached XP level 8. HP: 60/60 MP: 16/16
  1097 | D:5      | Found a blossoming altar of Fedhas.
  1115 | D:5      | Learned a level 1 spell: Sandblast
  1196 | D:6      | Noticed tidbits's ghost (novice GnTm)
  1208 | D:6      | Noticed a two-headed ogre
  1210 | D:6      | Killed tidbits's ghost
  1210 | D:6      | Reached skill level 6 in Spellcasting
  1225 | D:6      | Killed a two-headed ogre
  1225 | D:6      | Reached skill level 6 in Dodging
  1225 | D:6      | Reached skill level 3 in Conjurations
  1225 | D:6      | Reached skill level 3 in Hexes
  1225 | D:6      | Reached skill level 3 in Charms
  1225 | D:6      | Reached skill level 3 in Summonings
  1225 | D:6      | Reached skill level 3 in Necromancy
  1225 | D:6      | Reached skill level 3 in Translocations
  1225 | D:6      | Reached skill level 5 in Transmutations
  1225 | D:6      | Reached skill level 3 in Fire Magic
  1225 | D:6      | Reached skill level 3 in Ice Magic
  1225 | D:6      | Reached skill level 3 in Air Magic
  1225 | D:6      | Reached skill level 3 in Earth Magic
  1225 | D:6      | Reached skill level 3 in Poison Magic
  1225 | D:6      | Reached skill level 4 in Invocations
  1225 | D:6      | Reached XP level 9. HP: 55/66 MP: 4/18
  1270 | D:7      | Noticed a hornet
  1276 | D:7      | Paralysed by a hornet for 3 turns
  1286 | D:7      | Killed a hornet
  1286 | D:7      | Reached skill level 4 in Short Blades
  1286 | D:7      | Reached skill level 4 in Long Blades
  1286 | D:7      | Reached skill level 4 in Axes
  1286 | D:7      | Reached skill level 4 in Maces & Flails
  1286 | D:7      | Reached skill level 4 in Polearms
  1286 | D:7      | Reached skill level 4 in Staves
  1286 | D:7      | Reached skill level 4 in Slings
  1286 | D:7      | Reached skill level 4 in Bows
  1286 | D:7      | Reached skill level 4 in Crossbows
  1286 | D:7      | Reached skill level 4 in Throwing
  1286 | D:7      | Reached skill level 4 in Armour
  1286 | D:7      | Reached skill level 4 in Stealth
  1286 | D:7      | Reached skill level 4 in Shields
  1286 | D:7      | Reached skill level 4 in Evocations
  1498 | D:7      | HP: 6/67 [iguana (12)]
  1593 | D:6      | HP: 4/67 [orc priest/divine providence (12)]
  1594 | D:6      | Gained mutation: You are agile. (Dex +2) [potion of mutation]
  1594 | D:6      | Gained mutation: Your muscles are strong. (Str +2) [potion of mutation]
  1595 | D:6      | Reached skill level 5 in Fighting
  2181 | D:7      | Reached skill level 8 in Unarmed Combat
  2231 | D:7      | Reached skill level 5 in Invocations
  2255 | D:7      | Found a staircase to the Ecumenical Temple.
  2260 | Temple   | Entered the Ecumenical Temple
  2285 | Temple   | Became a worshipper of Cheibriados the Contemplative
  2380 | D:8      | Noticed a two-headed ogre
  2389 | D:8      | Killed a two-headed ogre
  2389 | D:8      | Reached skill level 7 in Spellcasting
  2389 | D:8      | Reached skill level 4 in Conjurations
  2389 | D:8      | Reached skill level 4 in Hexes
  2389 | D:8      | Reached skill level 4 in Charms
  2389 | D:8      | Reached skill level 4 in Summonings
  2389 | D:8      | Reached skill level 4 in Necromancy
  2389 | D:8      | Reached skill level 4 in Translocations
  2389 | D:8      | Reached skill level 4 in Fire Magic
  2389 | D:8      | Reached skill level 4 in Ice Magic
  2389 | D:8      | Reached skill level 4 in Air Magic
  2389 | D:8      | Reached skill level 4 in Earth Magic
  2389 | D:8      | Reached skill level 4 in Poison Magic
  2389 | D:8      | Reached XP level 10. HP: 75/75 MP: 20/20
  2433 | D:8      | Noticed a two-headed ogre
  2441 | D:8      | Killed a two-headed ogre
  2441 | D:8      | Reached skill level 5 in Short Blades
  2441 | D:8      | Reached skill level 5 in Long Blades
  2441 | D:8      | Reached skill level 5 in Axes
  2441 | D:8      | Reached skill level 5 in Maces & Flails
  2441 | D:8      | Reached skill level 5 in Polearms
  2441 | D:8      | Reached skill level 5 in Staves
  2441 | D:8      | Reached skill level 5 in Slings
  2441 | D:8      | Reached skill level 5 in Bows
  2441 | D:8      | Reached skill level 5 in Crossbows
  2441 | D:8      | Reached skill level 5 in Throwing
  2441 | D:8      | Reached skill level 5 in Armour
  2441 | D:8      | Reached skill level 5 in Stealth
  2441 | D:8      | Reached skill level 5 in Shields
  2441 | D:8      | Reached skill level 5 in Evocations
  2523 | D:9      | Reached skill level 7 in Dodging
  2627 | D:9      | Reached * piety under Cheibriados
  2635 | D:9      | Found a roughly hewn altar of Beogh.
  2740 | D:10     | Entered Level 10 of the Dungeon
  2847 | D:10     | Reached skill level 6 in Fighting
  2861 | D:10     | Found a staircase to the Lair.
  2894 | Lair:1   | Entered Level 1 of the Lair of Beasts
  2907 | Lair:1   | Reached skill level 6 in Transmutations
  2907 | Lair:1   | Reached skill level 6 in Invocations
  2988 | Lair:2   | Learned a level 5 spell: Blade Hands
  3080 | Lair:2   | Reached ** piety under Cheibriados
  3080 | Lair:2   | Reached XP level 11. HP: 59/82 MP: 22/22
  3235 | Lair:2   | Noticed Fannar
  3253 | Lair:3   | HP: 7/82 [rime drake/flash freeze (24)]
  3258 | Lair:3   | Reached skill level 6 in Short Blades
  3258 | Lair:3   | Reached skill level 6 in Long Blades
  3258 | Lair:3   | Reached skill level 6 in Axes
  3258 | Lair:3   | Reached skill level 6 in Maces & Flails
  3258 | Lair:3   | Reached skill level 6 in Polearms
  3258 | Lair:3   | Reached skill level 6 in Staves
  3258 | Lair:3   | Reached skill level 6 in Slings
  3258 | Lair:3   | Reached skill level 6 in Bows
  3258 | Lair:3   | Reached skill level 6 in Crossbows
  3258 | Lair:3   | Reached skill level 6 in Throwing
  3258 | Lair:3   | Reached skill level 6 in Armour
  3258 | Lair:3   | Reached skill level 6 in Stealth
  3258 | Lair:3   | Reached skill level 6 in Shields
  3258 | Lair:3   | Reached skill level 9 in Unarmed Combat
  3258 | Lair:3   | Reached skill level 6 in Evocations
  3304 | Lair:4   | Reached skill level 5 in Conjurations
  3304 | Lair:4   | Reached skill level 5 in Hexes
  3304 | Lair:4   | Reached skill level 5 in Charms
  3304 | Lair:4   | Reached skill level 5 in Summonings
  3304 | Lair:4   | Reached skill level 5 in Necromancy
  3304 | Lair:4   | Reached skill level 5 in Translocations
  3304 | Lair:4   | Reached skill level 5 in Fire Magic
  3304 | Lair:4   | Reached skill level 5 in Ice Magic
  3304 | Lair:4   | Reached skill level 5 in Air Magic
  3304 | Lair:4   | Reached skill level 5 in Earth Magic
  3304 | Lair:4   | Reached skill level 5 in Poison Magic
  3327 | Lair:4   | Found a staircase to the Shoals.
  3330 | Lair:4   | Reached skill level 8 in Spellcasting
  3500 | Lair:4   | Noticed an eight-headed hydra
  3508 | Lair:4   | HP: 1/83 [eight-headed hydra (14)]
  3508 | Lair:4   | Mangled by an eight-headed hydra

Vault maps used:
D:1:      onia_arrival_zoo_common
D:2:      serial_bayou, serial_bayou_shore_a, serial_bayou_lagoon_a,
          serial_bayou_lake_a, serial_bayou_lagoon_b
D:3:      kiku_gazebo_garden_becter, nemelex_xobeh_ov_fountains_minmay,
          dancing_weapons_uskayaw, marbit_many_paths, first_ration,
          fountainhead, st_stairs_10, uniq_natasha, uniq_crazy_yiuf_cottage
D:4:      minitemple, uniq_menkaure
D:5:      fedhas_altar_3, old_standard_altar, uniq_blork_the_orc, uniq_edmund
D:7:      minmay_temple_entry_nine_rooms, serial_glass, glass_columns_a,
          glass_columns_c
D:9:      led_sif_pool, serial_shops, nicolae_shop_crystal, special_room,
          st_stairs_14, uniq_pikel
D:10:     erik_lair_dragon
Temple:   cyrus_circular_temple
Lair:1:   grunt_forest_large_clearing_hut
Lair:2:   spider_nest_entry_web_field, worms_lemuel, uniq_fannar
Lair:3:   basic_altar, roderic_carrion_pond
Lair:4:   shoals_dummy_entry, serial_bayou, serial_bayou_crossing,
          serial_bayou_pond_d, serial_bayou_shore_b, serial_bayou_pond_d,
          serial_bayou_pond_b

Skill      XL: |  1  2  3  4  5  6  7  8  9 10 11 |
---------------+----------------------------------+-----
Spellcasting   | 5 6 7 8 |  8.1
Invocations    | 1 2 3 4 5 6 |  6.9
Short Blades   | 1 2 3 4 5 6 |  6.3
Long Blades    | 1 2 3 4 5 6 |  6.3
Axes           | 1 2 3 4 5 6 |  6.3
Maces & Flails | 1 2 3 4 5 6 |  6.3
Polearms       | 1 2 3 4 5 6 |  6.3
Staves         | 1 2 3 4 5 6 |  6.3
Slings         | 1 2 3 4 5 6 |  6.3
Bows           | 1 2 3 4 5 6 |  6.3
Crossbows      | 1 2 3 4 5 6 |  6.3
Throwing       | 1 2 3 4 5 6 |  6.3
Armour         | 1 2 3 4 5 6 |  6.3
Stealth        | 1 2 3 4 5 6 |  6.3
Shields        | 1 2 3 4 5 6 |  6.3
Evocations     | 1 2 3 4 5 6 |  6.3
Conjurations   | 1 2 3 4 5 |  5.2
Hexes          | 1 2 3 4 5 |  5.2
Charms         | 1 2 3 4 5 |  5.2
Summonings     | 1 2 3 4 5 |  5.2
Necromancy     | 1 2 3 4 5 |  5.2
Translocations | 1 2 3 4 5 |  5.2
Fire Magic     | 1 2 3 4 5 |  5.2
Ice Magic      | 1 2 3 4 5 |  5.2
Air Magic      | 1 2 3 4 5 |  5.2
Earth Magic    | 1 2 3 4 5 |  5.2
Poison Magic   | 1 2 3 4 5 |  5.2
Fighting       | 3 4 5 6 |  6.8
Transmutations | 4 5 6 |  6.5
Dodging        | 5 6 7 |  7.9
Unarmed Combat | 7 8 9 |  9.2

Action                   |  1- 3 |  4- 6 |  7- 9 | 10-12 || total
-------------------------+-------+-------+-------+-------++-------
Melee: Unarmed           |    41 |    79 |   186 |   200 ||   506
       Kick              |     8 |       |       |       ||     8
       Bite              |     5 |     1 |     1 |     7 ||    14
       Dagger            |       |       |    10 |    14 ||    24
       Punch             |       |       |       |     2 ||     2
Throw: Tomahawk          |       |       |     2 |       ||     2
 Cast: Beastly Appendage |     7 |       |       |       ||     7
       Sticks to Snakes  |     3 |     8 |     9 |    15 ||    35
       Spider Form       |     3 |     8 |    24 |    18 ||    53
       Passwall          |       |       |       |     5 ||     5
       Sandblast         |       |       |       |     2 ||     2
       Blade Hands       |       |       |       |     6 ||     6
 Abil: End Transformatio |       |       |     1 |     4 ||     5
Evoke: Wand              |       |       |     6 |     3 ||     9
  Use: Potion            |     1 |       |     4 |     2 ||     7
       Scroll            |       |     2 |     7 |     5 ||    14
 Stab: Distracted        |       |     1 |     1 |     3 ||     5
       Sleeping          |       |       |     6 |     8 ||    14
       Paralysed         |       |       |     2 |     3 ||     5
  Eat: Chunk             |       |       |     4 |     3 ||     7
       Ration            |       |       |     1 |       ||     1
Armor: Robe              |     2 |     1 |       |     1 ||     4
       Skin              |       |     3 |    10 |       ||    13
Dodge: Dodged            |    26 |    50 |   120 |   148 ||   344
Block: Other             |     1 |     7 |    15 |    22 ||    45
       Reflection        |       |       |       |     1 ||     1

Table legend:
 A = Spawn XP
 B = Non-spawn XP
 C = Spawn XP percentage of total XP
 D = Spawn monster count
 E = Non-spawn monster count
 F = Spawn count percentage of total count
 G = Total turns spent on level
                    A         B        C        D         E        F      G
               +---------+---------+-------+---------+---------+-------+---------
         Total |       0 |   14332 |   0.0 |       0 |     177 |   0.0 |  3508
               +---------+---------+-------+---------+---------+-------+---------
           D:1 |       0 |       4 |   0.0 |       0 |       2 |   0.0 |    56
           D:2 |       0 |      43 |   0.0 |       0 |      11 |   0.0 |   147
           D:3 |       0 |     345 |   0.0 |       0 |      31 |   0.0 |   426
           D:4 |       0 |     364 |   0.0 |       0 |      12 |   0.0 |   315
           D:5 |       0 |     826 |   0.0 |       0 |      10 |   0.0 |   313
           D:6 |       0 |    1449 |   0.0 |       0 |       8 |   0.0 |   532
           D:7 |       0 |    1193 |   0.0 |       0 |      32 |   0.0 |   476
           D:8 |       0 |    1998 |   0.0 |       0 |       5 |   0.0 |   184
           D:9 |       0 |     578 |   0.0 |       0 |      24 |   0.0 |   254
          D:10 |       0 |     979 |   0.0 |       0 |      11 |   0.0 |   154
        Lair:1 |       0 |     607 |   0.0 |       0 |       3 |   0.0 |    33
        Lair:2 |       0 |    1575 |   0.0 |       0 |      10 |   0.0 |   236
        Lair:3 |       0 |    1366 |   0.0 |       0 |       7 |   0.0 |   110
        Lair:4 |       0 |    3005 |   0.0 |       0 |      11 |   0.0 |   235
               +---------+---------+-------+---------+---------+-------+---------

Table legend:
 A = Turns spent in this place as a percentage of turns spent in the entire game.
 B = Non-inter-level travel turns spent in this place as a percentage of non-inter-level travel turns spent in the entire game.
 C = Inter-level travel turns spent in this place as a percentage of turns spent in this place.
 D = Turns resting spent in this place as a percentage of non-inter-level travel turns spent in this place.
 E = Turns spent auto-exploring this place as a percentage of non-inter-level travel turns spent in this place.
 F = Non-inter-level travel turns spent in this place divided by the number of levels of this place that you've seen.
                   A       B       C       D       E      F
               +-------+-------+-------+-------+-------+----------------------
         Total | 100.0 | 100.0 |   1.9 |   0.0 |   0.0 | 229.3
       Dungeon |  81.4 |  81.4 |   2.0 |   0.0 |   0.0 | 279.9
        Temple |   1.1 |   0.8 |  27.0 |   0.0 |   0.0 |  27.0
          Lair |  17.5 |  17.8 |   0.0 |   0.0 |   0.0 | 153.5
               +-------+-------+-------+-------+-------+----------------------

Table legend:
 A = Kills in this place as a percentage of kills in entire the game.
 B = Kills by you in this place as a percentage of kills by you in the entire game.
 C = Kills by friends in this place as a percentage of kills by friends in the entire game.
 D = Other kills in this place as a percentage of other kills in the entire game.
 E = Experience gained in this place as a percentage of experience gained in the entire game.
 F = Experience gained in this place divided by the number of levels of this place that you have seen.
                   A       B       C       D       E      F
               +-------+-------+-------+-------+-------+----------------------
         Total | 100.0 | 100.0 | 100.0 |   N/A | 100.0 | 955.5
       Dungeon |  82.5 |  84.2 |  58.3 |   N/A |  54.3 | 777.9
          Lair |  17.5 |  15.8 |  41.7 |   N/A |  45.7 | 1638.2
               +-------+-------+-------+-------+-------+----------------------

Vault maps used:
D:1:      onia_arrival_zoo_common
D:2:      serial_bayou, serial_bayou_shore_a, serial_bayou_lagoon_a,
          serial_bayou_lake_a, serial_bayou_lagoon_b
D:3:      kiku_gazebo_garden_becter, nemelex_xobeh_ov_fountains_minmay,
          dancing_weapons_uskayaw, marbit_many_paths, first_ration,
          fountainhead, st_stairs_10, uniq_natasha, uniq_crazy_yiuf_cottage
D:4:      minitemple, uniq_menkaure
D:5:      fedhas_altar_3, old_standard_altar, uniq_blork_the_orc, uniq_edmund
D:7:      minmay_temple_entry_nine_rooms, serial_glass, glass_columns_a,
          glass_columns_c
D:9:      led_sif_pool, serial_shops, nicolae_shop_crystal, special_room,
          st_stairs_14, uniq_pikel
D:10:     erik_lair_dragon
Temple:   cyrus_circular_temple
Lair:1:   grunt_forest_large_clearing_hut
Lair:2:   spider_nest_entry_web_field, worms_lemuel, uniq_fannar
Lair:3:   basic_altar, roderic_carrion_pond
Lair:4:   shoals_dummy_entry, serial_bayou, serial_bayou_crossing,
          serial_bayou_pond_d, serial_bayou_shore_b, serial_bayou_pond_d,
          serial_bayou_pond_b
